[Event "44th Chess Olympiad Open 2022"]
[Site "Chennai"]
[Date "2022.08.01"]
[Round "4.14"]
[White "Heidenfeld, Mark"]
[Black "Kollars, Dmitrij"]
[Result "0-1"]
[WhiteElo "2355"]
[BlackElo "2648"]
[Annotator "TA"]
[PlyCount "76"]
[EventDate "2022.??.??"]
[TimeControl "60"]

1. e4 e5 2. Nf3 Nc6 3. Bb5 a6 4. Bxc6 dxc6 5. O-O Qd6 6. d3 Ne7 7. Nbd2 {[%emt 0:01:03] Strongly threatening Nc4.} f6
{[%emt 0:00:35] C68: Ruy Lopez: Exchange Variation, sidelines.} 8. Nc4 Qe6 9. Qe2 c5 {[%emt 0:00:26]
The position is equal.} 10. c3 {[%emt 0:02:19] [#]} Nc6 $146 {[%emt 0:03:19]
Against d4} ({Predecessor:} 10... g5 11. d4 g4 12. Nh4 cxd4 13. cxd4 exd4 14.
Bf4 b5 15. Nd2 c5 16. Rfe1 Ng6 {0-1 (37) Werner,D-Haubt,G Doernigheim 1974})
11. a3 a5 {[%emt 0:03:41] Inhibits b4.} 12. a4 b6 13. Nh4 Qg4 14. Qxg4 (14. Nf3 $15) 14... Bxg4 $17 15. f3 Be6 {[%emt 0:00:16] White must now prevent ...0-0-0.} 16. Be3 O-O-O 17. Rfd1 Rd7 18. g3 Be7 19. Rd2 g6 20. Ng2 f5 21. Ne1 Rf8 {[%emt 0:06:09] [#]
Threatens to win with ...f4.} 22. exf5 gxf5 {[%emt 0:03:48]
aiming for ...f4.} ({Worse is} 22... Bxf5 23. h4 $15) ({Stronger than} 22...
Rxf5 23. Re2 $15) 23. Re2 Bf6 24.
Nd2 h5 25. f4 Bd5 {[%emt 0:
01:22] Black is more active.} 26. Nef3 exf4 (
26... Rg8 {keeps more tension.} 27. Kf2 h4 28. gxh4 Rh8) 27. Bxf4 Bf7 {[%emt 0:00:06] A strong pair of Bishops.} 28. Re3 Rfd8 29. Ne1 Ne7 30. Nc4 Ng6 31. Ne5 {[%emt 0:00:00] [#]} Bxe5 32. Bxe5 Re8 33. Bf4 Nxf4 34. Rxe8+ Bxe8 35. gxf4 Rg7+ 36. Kf2 Rg4 37. Ng2 (37. Ke3 $142) 37... Bc6 $19 38. Ne3 Rxf4+ {[%emt 0:00:06] Weighted Error
Value: White=0.12 (very precise) /Black=0.04 (flawless)} 0-1

[Event "44th Chess Olympiad Open 2022"]
[Site "Chennai"]
[Date "2022.08.01"]
[Round "4.15"]
[White "Brkic, Ante"]
[Black "Nielsen, Hogni Egilstoft"]
[Result "1-0"]
[WhiteElo "2611"]
[BlackElo "2414"]
[Annotator "TA"]
[PlyCount "65"]
[EventDate "2022.??.??"]
[TimeControl "60"]

1. e4 e5 2. Nf3 Nc6 3. Bb5 Nf6 4. O-O Nxe4 5.
Re1 Nd6 6. Nxe5 Be7 7. Bf1 Nxe5 8. Rxe5 O-O 9. d4 Bf6 10.
Re1 Re8 {[%emt 0:06:19] C67: Ruy Lopez: Berlin Defence: 4 0-0
Nxe4.} 11. Nc3 Rxe1 12. Qxe1 {[%emt 0:00:00]
[#]} Ne8 $146 ({Better is} 12... Bxd4 $11 13. Bd3 Bxc3 14.
Qxc3 b6) ({Predecessor:} 12... Bxd4 13. Bf4 Ne8 14. Nd5 d6 15. Bg5 f6 16. Bh4
g5 17. Qe4 Bxb2 18. Rb1 Be5 {0-1 (29) Caruana,F (2820)-So,W (2770) Paris 2021})
13. Nd5 $14 {[%emt 0:13:02] White is more active.} d6 14.
Nxf6+ Nxf6 15. Bd3 h6 16. f3 Be6 17. Qh4 {[%emt 0:
00:00][%cal Yc1h6] Black should prevent Bxh6!} c6 (17... c5
$11) 18. Bd2 Nd5 19. Qxd8+ Rxd8 20. a4 Ne7 21. c4 Bf5 22. Bf1 Bc2 23. a5 Nf5 (23... h5 $14) 24. Rc1 $1 $16 Ba4 (24... Nxd4 $2 25. Bc3 $18) (24... Bb3
$16) 25. Bc3 (25. b3 $1 $18 ) 25... c5 {[%emt 0:
00:00] [#]} 26. d5 $1 Ne3 (26... Bb3 $142)
27. Bd3 Nd1 {[%emt 0:00:00] [#]} (27... f5 $16 {is a better
defense.}) 28. Bd2 $1 $18 {[%emt 0:01:31][%cal Yb2b3] aiming for b3!} Nxb2 29. Bf1 {[%emt 0:00:01] Rb1 is the strong threat.} b6 (29... Bb3 $142 30. Bf4 g5) 30. Rb1 {[%emt 0:01:50] White has a
decisive advantage.} Nxc4 31. Bxc4 b5 32. Bxb5 Rb8 33. Bd3 {
[%emt 0:00:07] Weighted Error Value: White=0.12 (very precise) /Black=0.31} ({
Less strong is} 33. Bxa4 Rxb1+ 34. Kf2 Ra1 $14) 1-0

[Event "44th Chess Olympiad Open 2022"]
[Site "Chennai"]
[Date "2022.08.01"]
[Round "4.15"]
[White "Bosiocic, Marin"]
[Black "Apol, Luitjen Akselsson"]
[Result "1-0"]
[WhiteElo "2549"]
[BlackElo "2289"]
[Annotator "TA"]
[PlyCount "65"]
[EventDate "2022.??.??"]
[TimeControl "60"]

1. Nf3 Nf6 2. c4 g6 3. b3 Bg7 4. Bb2 O-O 5. g3 d6 6. Bg2 e5 7. O-O Re8 8. d3 c6 9. Qc2 {[%emt 0:02:46] A15: English Opening: 1...Nf6.} Bf5 {[%emt 0:23:06] [#]}
10. h3 $146 ({Predecessor:} 10. e4 Bg4 11. h3 Bxf3 12. Bxf3 c5
13. Nc3 Nc6 14. Bg2 Bh6 15. Rab1 Nd7 16. f4 {1-0 (43) Schmittdiel,E (2505)
-Wallnoefer,H (1830) Wattens 1999}) 10... Nbd7 11. e4 {
[%emt 0:09:16] White is slightly better.} Be6 12. Nc3 Nf8 13. Rad1 Qc7 14. d4 Rad8 15. Rd2 a6 16. Rfd1 (16. Nd1 $5 ) 16...
Nh5 17. a4 b5 18. axb5 cxb5 {[%emt 0:04:04] [#]} ({Better is} 18... axb5 $14 19. dxe5
(19. cxb5 cxb5 20. dxe5 dxe5 $16) 19... dxe5) 19. dxe5 $18 ({
Not} 19. cxb5 axb5 20. dxe5 dxe5 $16) 19... dxe5 20. Nd5 ({Don't do} 20. cxb5 $6 axb5 21. Nd5 Qxc2 22. Rxc2 Bxd5 23.
Rxd5 Rxd5 24. exd5 e4 $14) 20... Bxd5 21. cxd5 Qd6 22. Ra1 (22. Rd3 $142) 22... Rc8 $16 23. Qd3 Nd7 24. Rc2 Bh6 (24... Rxc2 $142 25. Qxc2 Qc5) 25. h4 Qb6 $2 (25... Nhf6 $16) 26. Rxc8 $18 Rxc8 27. Nxe5 Nc5 (27... Qf6
) 28. Qf3 {[%emt 0:02:56] White is clearly winning.} Rf8 29.
Nc6 {[%emt 0:02:19][%cal Rc6e7] [#]} Re8 {[%emt 0:00:32] Prevents Ne7+.} 30.
Bd4 Bg7 31. e5 f6 32. Rc1 Bf8 33.
exf6 {[%emt 0:00:17] Weighted Error Value: White=0.14 (very precise) /Black=0.
67} 1-0

[Event "44th Chess Olympiad Open 2022"]
[Site "Chennai"]
[Date "2022.08.01"]
[Round "4.15"]
[White "Ziska, Helgi Dam"]
[Black "Saric, Ivan"]
[Result "1/2-1/2"]
[WhiteElo "2549"]
[BlackElo "2680"]
[Annotator "TA"]
[PlyCount "110"]
[EventDate "2022.??.??"]
[TimeControl "60"]

1. e4 c5 2. Nf3 d6 3. Bb5+ Bd7 4. Bxd7+ Nxd7 5.
O-O Ngf6 6. Qe2 e6 7. c4 Ne5 $1 {[%emt 0:03:29] is recently more
successful than 7...Be7. B52: Sicilian: Moscow Variation with 3...Bd7.} 8. Rd1 Be7 9. Nc3 {[%emt 0:01:35] [#]} Rc8 $146 ({Predecessor:} 9... O-O 10. d4 Nxf3+ 11. Qxf3 cxd4 12. Rxd4
Qb6 13. Rd1 Qc6 14. b3 a6 15. Ba3 Rfe8 {½-½ (30) Hakobyan,A (2554)-Inkiov,V 
(2421) Karlsruhe 2019}) 10. b3 Qa5 11. Bb2 Nxf3+ 12. Qxf3 e5 (12... O-O $11) 13. Qh3 Qd8 14. f4 Qd7 15. Qxd7+ Nxd7 16. Nd5 Bd8 17. Rf1 {[%emt 0:
00:00] White is more active.} O-O 18. d3 Re8 19. Rf3 a6 20. Raf1 f6 21. g4 exf4 22. Nxf4 b5 23. Bc3 Ne5 24. Rg3 (24. Bxe5 $14 Rxe5 25. Kg2) 24... Rb8 25. h4 a5 26. Nd5 bxc4 27. bxc4 a4 28. Rc1 Nc6 29. Kf1 Rb7 30. Rg2 a3 31. Ke2 Be7 32. Rgg1 Reb8 33. g5 fxg5 34. Nxe7+ Rxe7 35. Rxg5 Nb4 36. Rb1 h6 37. Rg6 (
37. Rgg1 $5 ) 37... Rb6 {[%emt 0:02:51] [#]} (37... Rf7 $11) 38.
Kd2 (38. Rb3 $1 $16 ) 38... Rf7 (38... Kh7 $14 39. h5 Rbb7) 39. Ke2 (39. Bxb4 $16 {Black must
now prevent e5.} Kh7 {[#]} 40. h5 $1 (40. Bxa3 Rxb1 41. Rxd6 Rf2+ 42. Kc3 Rxa2
$14) 40... cxb4 41. e5) 39... Nxd3 {[%emt 0:01:39] The position is equal.} 40.
Rxg7+ Rxg7 41. Rxb6 $11 {[%emt 0:30:07]
Endgame KRB-KRN} Rg3 {[%emt 0:31:28] Threatens to win with ...Nc1+.} 42. Rxd6 Nc1+ {[%emt 0:00:57] Discovered Attack, Double Attack} 43. Kd2 Nxa2 44. Be5 Rg2+ 45. Ke3 Nb4 46. Rxh6 a2 47. Rh8+ Kf7 {[%emt 0:00:00] Black has
compensation.} 48. Ra8 Rg1 49. Kf3 Rf1+ 50. Kg4 Nd3 51.
Bh8 Nb4 52. h5 Rg1+ 53. Kf5 {[%emt 0:00:00] aiming for Ra7+.} Rf1+ 54. Kg5 {[%emt 0:00:00] Ra7+ is the strong threat.} Rg1+ $1 55. Kf5 {[%emt 0:00:00] Hoping for Ra7+.} Rf1+ {[%emt 0:00:00] Weighted Error
Value: White=0.13 (very precise) /Black=0.12 (very precise)} 1/2-1/2

[Event "44th Chess Olympiad Open 2022"]
[Site "Chennai"]
[Date "2022.08.01"]
[Round "4.15"]
[White "Rodgaard, John"]
[Black "Kozul, Zdenko"]
[Result "0-1"]
[WhiteElo "2324"]
[BlackElo "2602"]
[Annotator "TA"]
[PlyCount "100"]
[EventDate "2022.??.??"]
[TimeControl "60"]

1. c4 g6 2. d4 Bg7 3. e4 d6 4. Nc3 Nf6 5. Nf3 O-O 6. Be2 e5 7. O-O Na6 8. Be3 c6 9. dxe5 dxe5 10. Qxd8 Rxd8 11. Rad1 {[%emt 0:00:47]
E94: King's Indian: Classical: 6 Be2 e5 7 0-0: Various Black 7th moves.} Re8 12. Ne1 {[%emt 0:09:55] [#]} Nd7 $146 ({
Predecessor:} 12... Bf8 13. Nc2 Nc5 14. f3 a5 15. Rfe1 a4 16. Rb1 Nh5 17. b4
axb3 18. axb3 Be6 {0-1 (30) Brezovar,M (2195)-Tratar,M (2420) Bled 1998}) 13.
Nd3 {[%emt 0:03:25] The position is equal.} Nf8 14. Rd2 Ne6 15. Bg4 h5 16. Bxe6 Bxe6 17. b3 f5 18. f3 f4 19. Bf2 g5 20. Nc5 Nxc5 21. Bxc5 g4 22. Rfd1 Bf6 23. Ne2 Kf7 24. Kh1 Rg8 25.
Nc1 gxf3 26. gxf3 Bh3 27. Nd3 b6 28. Bd6 Rg5 {[%emt 0:06:00] [#] Threatens to win with ...Rag8.} (28... Ke6 {
keeps more tension.} 29. c5 Rad8 30. Rg1 Rxg1+ 31. Kxg1 Rg8+) 29. Rg1 $1 Rxg1+ 30. Kxg1 Ke6 31. c5 $1 Rg8+ 32. Kh1 Rg7 33. b4 (33.
Bf8 $11 Rd7 34. Kg1) 33... Bf1 $17 34. Ne1 b5 35. Nd3 h4 {[%emt 0:00:57][%cal Yh5h4,Yh4h3]
[#] Hoping for ...h3.} 36. Ne1 $2 {[%emt 0:00:33] White does not recover from
this.} (36. h3 $17) 36... h3 $19 {[%emt 0:00:16] aiming for ...Bh4.} 37. Rf2 Bc4 {[%emt 0:00:08] White must now prevent ...Bh4.} 38. Rd2 Bh4 39. Nd3 Rg2 40. Nxf4+ exf4 41. Rxg2 hxg2+ 42. Kxg2 Bxa2 {[%emt 0:00:28] ...Be1
is the strong threat.} 43. Bxf4 Be1 44. Bd6 Bxb4 45. f4 a5 {[%emt 0:00:
29] ( -> ...Bc3)} 46. Kf3 Bc3 {[%emt 0:00:22] Black mates.}
47. Kg4 b4 48. Kg5 b3 49. f5+ Kf7 50. e5 b2 {[%emt 0:00:00] Weighted Error Value: White=0.
74/Black=0.16 (very precise)} 0-1

[Event "44th Chess Olympiad Open 2022"]
[Site "Chennai"]
[Date "2022.08.01"]
[Round "4.16"]
[White "Hracek, Zbynek"]
[Black "Risteski, Emil"]
[Result "1-0"]
[WhiteElo "2555"]
[BlackElo "2405"]
[Annotator "TA"]
[PlyCount "111"]
[EventDate "2022.??.??"]
[TimeControl "60"]

1. d4 Nf6 2. c4 g6 3. g3 Bg7 4. Bg2 c5 5. dxc5 Qa5+ 6. Nc3 {[%emt 0:00:10] E60:
King's Indian: Unusual lines and Fianchetto Variation without Nc3.} Qxc5 7. Qa4 {[%emt 0:02:51] 7.Bd2 deserves study.} O-O 8. Be3 {[%emt 0:04:07] White is slightly better.} Qf5 9.
Nf3 {[%emt 0:03:41] [#]} d6 $146 ({Predecessor:} 9... Nc6 10.
O-O d6 11. Nd4 Qh5 12. Nxc6 bxc6 13. Bxc6 Ng4 14. h4 Nxe3 15. Bxa8 Nxf1 16.
Rxf1 Bxc3 17. bxc3 Qxe2 18. Qxa7 {½-½ (27) Santos Latasa,J (2552)-Abdumalik,
Z (2484) Llucmajor 2018}) 10. Nd4 Qd7 11. h3 a6 12. Qxd7 Nbxd7 13. Rc1 Rb8 14. O-O Ne5 15. Nd5 Nxd5 16. cxd5 Nd7 17. Rc7 Re8 18. Rfc1 Nb6 19. b3 Na8 20. R7c4 Bd7 21. a4 Rec8 22. a5 Rxc4 23. bxc4 {[%emt 0:02:33] aiming for Rb1.} Rc8 24. Rb1 Rc7 25. g4 Kf8 26. Rb4 Ke8 27.
Be4 Kd8 {[%emt 0:01:39] [#]} 28. Bd3 $1 {[%emt 0:01:40] White
is much more active.} Kc8 29. Rb1 Bxd4 30. Bxd4 e5 {[%emt 0:00:06] [#]} 31. dxe6 $1 Bxe6 32. Rb4 f5 33. f3 Rf7 34. Kg2 Bd7 35. c5 d5 36. e3 Nc7 37. Rb6 Bc6 (37... f4 $14) 38. gxf5 gxf5 39. f4 Nb5 (39... Kd7 $142) 40. Kg3 Nxd4 (40... Kc7 $16 {was called for.}) 41. exd4 $16 {
[%emt 0:02:09] Endgame KRB-KRB} Rf6 42. Kh4 Rh6+ 43. Kg5 Rg6+ 44. Kh4 $2 (44. Kh5 $18 Rf6 45. Rb2 (45. Kg5 Rg6+ 46. Kh5 Rf6 $16)) 44...
Rh6+ $1 $11 45. Kg3 ({Resist} 45. Kg5 $6 Rg6+
46. Kh5 Rf6 $16) 45... Rg6+ $2 (45... Rf6 $1 $11) 46. Kf2 $18 Rf6 47. Rb1 Bd7 48. Rg1 Rg6 $2 (48... Kc7 49. Rg7 h6)
49. Rxg6 hxg6 {[%emt 0:01:51] KB-KB} 50. Kg3 {[%emt 0:00:04]
Black must now prevent Kh4.} Kd8 51. Kh4 Ke7 52. Kg5 Kf7 53. h4 Kg7 54. Be2 Be8 55.
h5 gxh5 56. Bxh5 {[%emt 0:00:03] Weighted
Error Value: White=0.08 (flawless) /Black=0.48} 1-0

[Event "44th Chess Olympiad Open 2022"]
[Site "Chennai"]
[Date "2022.08.01"]
[Round "4.16"]
[White "Zwardon, Vojtech"]
[Black "Veljanoski, Andrej"]
[Result "1-0"]
[WhiteElo "2503"]
[BlackElo "2162"]
[Annotator "TA"]
[PlyCount "77"]
[EventDate "2022.??.??"]
[TimeControl "60"]

1. c4 Nf6 2. Nc3 e6 3. e4 c5 4. Nf3 Nc6 5. d4 cxd4 6. Nxd4 Bb4 7. Nxc6 bxc6 8. Bd3 d5 9. exd5 {[%emt 0:06:01]
B44: Sicilian: Taimanov: 5 Nb5.} exd5 (9... Bxc3+ $5 10. bxc3
cxd5 $11) 10. O-O O-O 11. Qa4 {[%emt 0:08:25]
[#] White has an edge.} Bd6 $146 ({Black should try} 11... a5
$11) ({Predecessor:} 11... Qd6 12. cxd5 cxd5 13. Nb5 Bd7 14. a3 Bc5 15. Nxd6
Bxa4 16. Nf5 a5 17. Bf4 Rfe8 {½-½ (34) Schmidt,J (2172)-Hjorth,J (2120) ICCF
email 2013}) 12. Qxc6 $14 Be6 {[%emt 0:02:22] aiming for ...
Ng4.} 13. cxd5 Ng4 (13... Nxd5 $14 {might be
stronger.} 14. Rd1 (14. Nxd5 Bxd5 15. Qa4 Re8 $11) 14... Rc8) 14. h3 (14. g3 $1 $16 Ne5 15. Qa4 $1) 14... Ne5 $11 {[%emt 0:00:15][%csl Yc6,
Yd3] [#]} 15. Qa4 Bxh3 $1 ({Don't do} 15...
Nxd3 16. dxe6 fxe6 17. Be3 $16) 16. Be2 Bd7 17. Qd4 Ng6 18. g3 Rc8 19. Ne4 {[%emt 0:02:38] Prevents Bc5.} Be5 20.
Qxa7 Bb8 21. Qa6 f5 22. Bg5 Qe8 23. Nd6 Qe5 (23... Bxd6 $14 24. Qxd6 Qxe2 25. Qxd7 Qh5) 24.
Nxc8 $18 Bxc8 25. Qc4 f4 (25... Ba7 $142 26. Bf4 (26. d6+ Kh8 $14) 26... Nxf4 27. gxf4
Qd6) 26. gxf4 Qf5 27. Qd3 (27. d6+ $1 $18 Be6 28. Qd3 Nxf4 29. Bxf4 Qxf4 30. Qg3) 27...
h6 {[%emt 0:00:59] [#]} 28. Rac1 $1 {[%emt 0:01:31][%cal Yd5d6] Threatens to
win with d6!} Bd7 (28... hxg5 29. Rxc8) 29. Qxf5 Bxf5 {[%emt 0:00:06] [#]} 30. Rfd1 $1 {[%emt 0:01:51][%cal Yd5d6] Hoping
for d6!} hxg5 31. fxg5 Bd7 (
31... Nf4 $142 32. Bf1 Be5) 32. d6 Rf5 {[%emt 0:00:37] [#]} (
32... Ba7 $142 33. Rc7 Bxf2+ 34. Kh2 Rd8 35. Bc4+ Kh7) 33. Bc4+ (33. Rc7 $1 $18 {is the precise move to win.} Rxg5+ (33... Bxc7 34. dxc7) 34.
Kh2 Bxc7 35. dxc7) 33... Kh7 {[%emt 0:00:57] [#]} (33... Kf8 $16) 34. Rd5 $1 Ne5 35. f4 Nf3+ (35... Nxc4 {is more resistant.} 36. Rxf5 Bxf5) 36. Kg2 Rxf4 $2 (36... Nh4+ 37. Kg3 Rxd5 38. Bxd5 Nf5+ 39. Kf3 g6) 37.
Kg3 Rh4 38. Kxf3 {[%emt 0:00:30] Black must
now prevent Bd3+.} Bc6 39. Bd3+ {[%emt 0:00:01] Weighted
Error Value: White=0.30/Black=0.74} 1-0

[Event "44th Chess Olympiad Open 2022"]
[Site "Chennai"]
[Date "2022.08.01"]
[Round "4.16"]
[White "Stanojoski, Zvonko"]
[Black "Navara, David"]
[Result "1/2-1/2"]
[WhiteElo "2412"]
[BlackElo "2688"]
[Annotator "TA"]
[PlyCount "155"]
[EventDate "2022.??.??"]
[TimeControl "60"]

1. e4 c6 2. d4 d5 3. Nc3 dxe4 4. Nxe4 Nf6 5. Nxf6+ exf6 6. c3 Bd6 7. Bd3 O-O 8. Qc2 {[%emt 0:00:03]
Active counter play!} Re8+ {[%emt 0:00:07] B15: Caro-Kann: 3 Nc3:3...g6 and 3.
..dxe4 4 Nxe4 Nf6 5 Nxf6+ exf6.} 9. Ne2 h5 10. O-O h4 11. h3 Nd7 12. Bf4 Nf8 {[%emt 0:01:11][%cal Ye8e2] [#]
White must now prevent ...Rxe2!} (12... Rxe2 $2 13. Qxe2 Bxf4 14. Qe4 $18) 13.
Bxd6 Qxd6 14. Rfe1 Bd7 15. Rad1 Re7 16. Nc1 Rae8 17. Rxe7 Rxe7 18. Qd2 {[%emt 0:04:55] [#]} Ne6 $146 ({Predecessor:} 
18... Ng6 19. Ne2 a5 20. c4 b6 21. b3 f5 22. Bc2 Kf8 23. Bd3 Kg8 24. Qc2 Nf4
25. Nxf4 Qxf4 {1-0 (70) Demchenko,A (2641)-Mahajan,R (2151) Chess.com INT 2020}
) 19. Bf5 g5 20. Bxe6 Qxe6 21. b3 g4 22. Qh6 g3 {[%emt 0:10:32][%cal Ye6e1] ( -> .. .Qe1+!)}
23. Qd2 {[%emt 0:02:25] Inhibits Qe1+.} Qe4 24. Nd3 (24. Rf1 $11) 24... Qe2 $1 $15 25. Qxe2 Rxe2 26. fxg3 hxg3 {[%emt 0:00:00]
Endgame KRB-KRN} 27. Nf4 Rxa2 28. Nh5 Bf5 {[%emt 0:01:40] ...Bc2 is the strong threat.}
(28... Be6 $5 29. c4 Bf5 $15) 29. Nxg3 ({
White should play} 29. b4 $1 $15) 29... Bc2 $19 30. Rd2 (30. Rf1 $142 a5 31. Ne2) 30... Bxb3 31. Rxa2 Bxa2 {[%emt 0:00:05] KB-KN} 32. Kf2 a5 33. Ke3 a4 34. Nh5 (34. h4 $142) 34... Bd5 35. Kd3 Bxg2 36. Nf4 {[%emt 0:00:10] [#]} Bf1+ (36... a3 $142 $1 37. Kc2 (37. Nxg2 $2 a2 $19) 37... Bd5) 37.
Kc2 Bc4 {[%emt 0:00:33] Hoping for ...a3.} 38. Kb2 Kf8 39. Ka3 Bb3 40.
h4 b6 41. Kb4 c5+ (41... f5 $19 42. Nd3 b5) 42. Ka3 $17 Ke7 (42... cxd4 $17 43. cxd4 b5) 43. Kb2 (43. h5 $1 $11)
43... Bd1 (43... cxd4 $15 44. cxd4 Be6) 44. Ka3 (44. h5 $11) 44... Kd6 (44... cxd4 $15 45. cxd4 b5) 45.
h5 {[%emt 0:00:00] The position is equal.} Bc2 46. h6 b5 47. Kb2 Bh7 48. dxc5+ Kc6 (48... Kxc5 $5 49. Nh5 Bf5
$11) 49. Nh5 f5 50. Nf6 Bg6
{[%emt 0:00:05] aiming for ...f4.} 51. h7 $1 Bxh7 52. Nxh7 Kxc5 $11 {[%emt 0:00:00] KN-KP} (52... f4 $5 53.
Ng5 Kd5 $11) 53. Ng5 f4 {[%emt 0:00:00] And now ...Kd5 would
win.} 54. Nxf7 {[%emt 0:00:00] KN-K3P} Kd5 55. Ng5 Ke5 56. Ka3 Kf5 57.
Nh3 Kg4 58. Nf2+ Kf3 59. Nh3 Kg3 (59... Kg4 $5 60.
Nf2+ Kg3 61. Ne4+ Kg2 $11) 60. Ng5 Kg4 61.
Ne4 f3 62. Kb4 Kf4 63. Nd2 f2 64. c4 Ke3 65. Nf1+ Ke2 66. Ng3+ (66. cxb5 {leads to mate.} Kxf1 67. Kxa4 Kg2 68. Ka5 f1=Q 69.
b6 Qf3 70. Kb5 Qb7 71. Kc5 Kf3 72. Kd4 Kf4 73. Kd3 Qxb6 74. Kc4 Ke4 75. Kc3
Qc5+ 76. Kd2 Qb4+ 77. Kc2 Ke3 78. Kc1 Kd3 79. Kd1 Qd2#) 66... Kf3 67. Nf1 a3 68. Kxa3 {[%emt 0:00:09]
KN-KPP} Ke2 (68... bxc4 $5 69. Kb2 Kf4 $11) 69. Ng3+ Kf3 70. Nf1 bxc4 71.
Kb2 $1 Ke2 72. Ng3+ Kf3 73. Nf1 Ke2 74. Ng3+ Kd2 {[%emt 0:00:20] Strongly threatening ...c3+.} 75. Ne4+ Ke1 76. Nxf2 Kxf2 77. Kc3 Ke3 78. Kxc4 {[%emt 0:00:03]
White happily takes the draw. Weighted Error Value: White=0.15 (very precise) /
Black=0.12 (very precise)} 1/2-1/2

[Event "44th Chess Olympiad Open 2022"]
[Site "Chennai"]
[Date "2022.08.01"]
[Round "4.16"]
[White "Nikolovski, Nikola"]
[Black "Michalik, Peter"]
[Result "0-1"]
[WhiteElo "2366"]
[BlackElo "2559"]
[Annotator "TA"]
[PlyCount "76"]
[EventDate "2022.??.??"]
[TimeControl "60"]

1. f4 d5 2. Nf3 g6 3. e3 Bg7 4. Be2 Nf6 5. O-O O-O 6. d3 b6 7. a4 {[%emt 0:10:50] A03: Bird's Opening
with 1...d5.} c5 {[%emt 0:02:27] [#]} 8. a5 $146 ({
Predecessor:} 8. Kh1 Bb7 9. Ne5 Nfd7 10. Nxd7 Nxd7 11. Nd2 e5 12. f5 Nf6 13. b3
e4 14. Bb2 exd3 15. Bxd3 {½-½ (35) Lilja,R (2131)-Garabetyan,A (2056) Lublin
2022}) 8... b5 9. Ne5 {[%emt 0:04:19] Black has an edge.} Ne8 10. Bf3 f6 11. Ng4 Nc6 12. c4 Bxg4 13. Bxg4 bxc4 14. dxc4 d4 15. Bf3 Rc8 16. Bd5+ Kh8 17. e4 ({Better is} 17.
f5) 17... Nb4 $11 ({Resist} 17... Nxa5 18. Qa4 e6 19. Bxe6 $16
) 18. f5 Nxd5 (18... gxf5 {is interesting.}
19. Ra3 fxe4 20. Rh3 e3) 19. exd5 gxf5 20.
Ra3 Nd6 21. Rh3 {[%emt 0:00:06] aiming for
Qh5.} Qe8 22. Nd2 Rc7 23. b3 Rg8 24. Nf3 e5 {[%emt 0:00:
00] Hoping for ...Bf8.} 25. dxe6 $1 Bf8 26. Nh4 Re7 27. b4 (
27. Qd3 $11) 27... Rxe6 (27... cxb4 $15 28. Bb2 (28. Qxd4 Rxe6
29. Be3 Nxc4 $17) 28... Rxe6) 28. bxc5 Ne4 {[%emt 0:01:15]
And now ...Nc3 would win.} 29. Nxf5 Bxc5 {[%emt 0:01:39]
White must now prevent ...d3+.} 30. Qd3 $1 {[%emt 0:00:05][%cal Yh3h7]
Intending Rxh7+! and mate.} Qd7 31. Rh4 Qb7 (31... Nc3 $14 32. Bd2 Re2) 32. Rf3 $2 (32. a6
$1 $18 Qc6 33. Ng3) 32... Nc3 $2 {[%emt 0:02:11] [#]} (32... Ng5
$11 {and Black is okay.} 33. Bxg5 Rxg5) 33. Ng3 $4 (33. Rxh7+
$3 $18 Qxh7 34. Rh3 Re1+ 35. Kf2 Rxc1 36. Rxh7+ Kxh7 37. Qh3+ Kg6 38. Qg4+ Kf7
39. Nh6+ Ke7 40. Nxg8+ Kf8 41. Qf5 Ne4+ 42. Qxe4 d3+ 43. Kg3) 33... Re1+ $19 34. Rf1 {[%emt 0:00:06] [#]} Ne2+ $1 35. Kf2 Nxc1 36. Qf5 {[%emt 0:00:35] [#]} (36. Qxh7+
$19 Qxh7 37. Rxh7+ Kxh7 38. Kxe1) 36... Re2+ $3 {[%emt 0:03:06] Black mates.}
37. Nxe2 Qxg2+ 38. Ke1 Qxe2#
{[%emt 0:00:40] Weighted Error Value: White=0.67/Black=0.48} 0-1

[Event "44th Chess Olympiad Open 2022"]
[Site "Chennai"]
[Date "2022.08.01"]
[Round "4.17"]
[White "Mchedlishvili, Mikheil"]
[Black "Ibarra Chami, Luis Fernando"]
[Result "1-0"]
[WhiteElo "2593"]
[BlackElo "2452"]
[Annotator "TA"]
[PlyCount "57"]
[EventDate "2022.??.??"]
[TimeControl "60"]

1. e4 c5 2. Nf3 Nc6 3. Bb5 g6 4. O-O Bg7 5. c3 e5 6. d4 cxd4 7. cxd4 exd4 8. Bf4 a6 9. Ba4 {[%emt 0:00:58] White has compensation. B31: Sicilian:
2...Nc6 3 Bb5 g6.} Nge7 {[%emt 0:01:11] The main line 9...Nge7 scores better
than 9...b5.} 10. Bd6 b5 11. Bb3 {[%emt 0:01:
07] The position is equal.} Bb7 12. Ng5 O-O 13. Qf3 Qe8 (
13... h6 $2 14. Nxf7 Rxf7 15. Qxf7+ Kh7 16. a4 $18) 14. Qg3 Na5 {[%emt 0:07:47] Strongly threatening ...h6.} 15. Nd2 h6 16. Ngf3 Rc8 17.
Ne5 Nxb3 18. Nxb3 Bxe4 {
[%emt 0:04:01] [#] Threatens to win with ...Nf5.} 19. Nxd4 Nf5 20. Nxf5 Bxf5 {[%emt 0:00:08] A strong pair
of Bishops.} 21. Rfe1 Qd8 {[%emt 0:06:53] White must now
prevent ...Re8.} 22. Bxf8 Qxf8 23. Rad1 Qb4 {[%emt 0:02:24] [#]} 24. b3 $146 (24. Nd3
$5 Qf8 25. Qe3 $14) ({Predecessor:} 24. Qb3 Qxb3 25. axb3 Rc2
26. Nxd7 Bxb2 27. Re8+ Kg7 28. h3 a5 29. Ra8 Bc3 30. Nb6 {½-½ (37) Liang,J 
(2460)-Dukic,Z (2234) Hamilton 2022}) 24... Rc2 25. Qe3 Rxa2 26. Nxd7 {[%emt 0:02:34] [#] aiming for
Qe8+.} Bc3 $2 (26... Kh7 $11) 27. Qe8+ $18 Kg7 28. Re7 Be6 29. Qf8+ {[%emt 0:00:00] Weighted Error Value: White=0.06 
(flawless) /Black=0.28 (precise)} 1-0